AoeStats
← Coneishon

Lombardia

509276557Analyzed
2v2 RM · 7d ago on Sep 26, 2026· 54m 8s· 4 players
Game mode
Random Map
Map size
Medium (4 player)
Population
200
Speed
Normal
Resources
Standard
Victory
Conquest
Starting age
Dark Age
Ending age
Imperial Age
RankedLock teamsTeams togetherTeam positionsShared explorationLock speedFull tech treeHidden civsTurbo modeCheats
Victory
Defeat
🇺🇸 Danes · United States
1270
+15
🇺🇸 Varangians · United States
1266
+16
🇦🇷 Saxons · Argentina
1269
-16
🇦🇷 Britons · Argentina
1251
-15
AgusssMetall
6:38 Loom
8:57 Feudal Age
9:17 Man-at-Arms
17:42 Castle Age
17:40 Forging
21:42 Long Swordsman
21:59 Pikeman
23:30 Squires
25:02 Wheelbarrow
30:47 Hand Cart
30:54 Hand Cart
31:08 Stone Mining
31:01 Horse Collar
31:08 Double-Bit Axe
33:06 Gambesons
33:34 Gold Mining
35:39 Scale Barding Armor
35:36 Scale Mail Armor
36:33 Town Watch
38:16 Husbandry
38:51 Chain Mail Armor
38:42 Scale Barding Armor
39:12 Iron Casting
45:55 Imperial Age
44:04 Bloodlines
46:19 Elite Hearth Troop
48:17 Plate Mail Armor
48:07 Chain Barding Armor
48:05 Capped Ram
Coneishon
5:35 Loom
5:46 Loom
9:09 Feudal Age
14:57 Fletching
24:48 Castle Age
23:28 Padded Archer Armor
23:46 Double-Bit Axe
25:02 Crossbowman
26:16 Bodkin Arrow
27:26 Gold Mining
28:22 Wheelbarrow
29:02 Bow Saw
28:57 Horse Collar
31:25 Ballistics
31:18 Town Watch
34:01 Leather Archer Armor
35:57 Hand Cart
39:19 Gold Shaft Mining
44:34 Imperial Age
45:16 Town Patrol
44:39 Arbalester
45:21 Bracer
45:52 Ring Archer Armor
44:59 Heavy Scorpion
47:53 Chemistry
48:25 Two-Man Saw
48:26 Heavy Plow
48:20 Stone Mining
52:17 Pikeman
52:58 Squires
53:51 Halberdier
54:43 Scale Mail Armor
54:53 Forging
Nijoru
8:09 Loom
10:17 Feudal Age
14:11 Castle Age
12:08 Double-Bit Axe
17:25 Fletching
18:59 Wheelbarrow
19:10 Bow Saw
19:43 Gold Mining
20:00 Bodkin Arrow
21:42 Padded Archer Armor
22:37 Husbandry
23:48 Stone Mining
24:31 Leather Archer Armor
26:30 Hand Cart
27:36 Bloodlines
29:04 Town Watch
29:26 Thumb Ring
31:05 Ballistics
31:10 Horse Collar
33:39 Gold Shaft Mining
36:07 Imperial Age
34:33 Stone Shaft Mining
34:10 Masonry
33:35 Hamask
34:16 Scale Mail Armor
34:43 Squires
35:59 Chain Mail Armor
35:55 Forging
36:08 Arson
36:55 Bracer
37:37 Ring Archer Armor
38:09 Chemistry
36:31 Northmen's Fury
37:39 Conscription
37:03 Cranequins
38:50 Plate Mail Armor
38:56 Iron Casting
38:59 Hoardings
38:36 Gambesons
38:34 Capped Ram
39:27 Elite Jomsviking
40:00 Onager
41:32 Caravan
44:17 Blast Furnace
44:32 Siege Ram
45:40 Siege Engineers
46:08 Murder Holes
47:23 Heavy Plow
47:54 Siege Onager
51:30 Elite Varangian Guard
JesusFreak
7:09 Loom
10:43 Feudal Age
11:16 Man-at-Arms
15:46 Bloodlines
17:05 Scale Barding Armor
19:07 Forging
21:51 Horse Collar
24:54 Castle Age
23:37 Double-Bit Axe
29:20 Bow Saw
32:26 Wheelbarrow
34:29 Town Watch
36:49 Hand Cart
36:56 Heavy Plow
37:21 Gold Mining
38:16 Husbandry
42:04 Imperial Age
39:49 Caravan
41:08 Iron Casting
39:56 Light Cavalry
40:41 Town Patrol
40:41 Stone Mining
42:43 Chain Barding Armor
42:24 Scale Mail Armor
43:08 Fortified Wall
42:25 Cavalier
44:33 Two-Man Saw
44:30 Hussar
46:13 Blast Furnace
45:42 Conscription
44:46 Vendel Legacy
45:39 Squires
45:58 Masonry
45:58 Scale Mail Armor
46:35 Plate Barding Armor
47:08 Treadmill Crane
Connection lost

Rejoining the realm…

Still unreachable

The connection could not be restored.

Session expired

The server has moved on; the page needs a fresh start.